 Dungeon Crawl Stone Soup version 0.19-a0-1682-g5114f93 (webtiles) character file.

2677 HungrySpirit the Covert (level 9, 0/54 HPs)
             Began as an Octopode Assassin on Sept 24, 2016.
             Was an Initiate of Okawaru.
             Shot with an arrow by a centaur (12 damage)
             ... on level 6 of the Dungeon.
             The game lasted 00:14:41 (8840 turns).

HungrySpirit the Covert (Octopode Assassin)         Turns: 8840, Time: 00:14:42

Health: 0/54       AC:  4    Str: 10    XL:     9   Next: 64%
Magic:  9/9        EV: 19    Int: 14    God:    Okawaru [......]
Gold:   84         SH:  0    Dex: 18    Spells: 0 memorised, 8 levels left

rFire  . . .     SeeInvis .     x - +1 dagger (speed)
rCold  . . .     Gourm    .     (no shield)
rNeg   + . .     Faith    .     (helmet restricted)
rPois  .         Spirit   .     v - amulet of Ompah {RegenMP +Fly rElec Dex+2}
rElec  +         Dismiss  .     m - +2 ring of protection
rCorr  .         Reflect  .     (no ring)
MR     .....     Harm     .     k - ring of positive energy
Stlth  ++++++....               (no ring)
                                (no ring)
                                (no ring)
                                (no ring)
                                (no ring)

@: no status effects
A: almost no armour, stealthy swim, amphibious, 8 rings, constrict 8, camouflage
1, gelatinous body 1
a: Renounce Religion, Evoke Flight


You were on level 6 of the Dungeon.
You worshipped Okawaru.
Okawaru was noncommittal.
You were not hungry.

You visited 2 branches of the dungeon, and saw 7 of its levels.
You also visited: Ossuary.

You collected 515 gold pieces.
You spent 431 gold pieces at shops.

Inventory:

Hand Weapons
 b - a +0 blowgun
 w - a +0 rapier
 x - a +1 dagger of speed (weapon)
Missiles
 c - 27 poisoned needles
 d - 2 curare-tipped needles
Jewellery
 k - a ring of positive energy (on tentacle)
 l - an uncursed ring of ice
 m - a +2 ring of protection (left tentacle)
 o - an uncursed ring of fire
 v - the amulet of Ompah (around mantle) {RegenMP +Fly rElec Dex+2}
   (You found it on level 4 of the Dungeon)

   [amulet of magic regeneration]

   It increases your magic regeneration.
   It affects your dexterity (+2).
   It insulates you from electricity.
   It lets you fly.
Wands
 j - a wand of iceblast (10/15)
 t - a wand of polymorph (8/24)
 y - a wand of paralysis (5/24)
 E - a wand of paralysis (2/24)
 H - a wand of acid (9/15)
Scrolls
 g - a scroll of magic mapping
 r - 2 scrolls of identify
 u - a scroll of fog
 F - a scroll of teleportation
 G - 2 scrolls of recharging
 K - 3 scrolls of remove curse
Potions
 e - 2 potions of haste
 h - 2 potions of cure mutation {unknown}
 i - 4 potions of curing
 n - 4 potions of ambrosia
 q - 3 potions of heal wounds
 s - 2 potions of might
 z - 2 potions of resistance
 A - a potion of flight
 B - 3 potions of berserk rage
 D - 2 potions of mutation {unknown}
 J - a potion of agility {unknown}
Comestibles
 a - a royal jelly
 f - 5 bread rations
 p - a meat ration
 C - a chunk of flesh
 M - a beef jerky


   Skills:
 - Level 2.0 Fighting
 * Level 8.2 Short Blades
 - Level 2.0 Throwing
 * Level 8.2 Dodging
 + Level 10.0 Stealth


You had 8 spell levels left.
You didn't know any spells.

Dungeon Overview and Level Annotations

Branches:
Dungeon (6/15)             Temple (1/1) D:6

Altars:
Ashenzari
Dithmenos
Elyvilon
Fedhas
Hepliaklqana
Kikubaaqudgha
Nemelex Xobeh
Okawaru
Sif Muna
Trog
Xom
Yredelemnul

Shops:
D:5 ?(!


Innate Abilities, Weirdness & Mutations

You cannot wear most types of armour.
You are very stealthy in the water.
You are amphibious.
You can wear up to eight rings at the same time.
You can use your tentacles to constrict eight enemies at once.
Your skin changes colour to match your surroundings (Stealth+).
Your rubbery body absorbs attacks. (AC +1, EV +1)


Message History

Unknown command.
Evoke which item? (* to show all) (? for menu, Esc to quit)
Zapping:
j - a wand of iceblast (11/15)
Press: ? - help, Shift-Dir - straight line, f/p - wight
Aim: a wight, wielding a spear of freezing and wearing a robe (moderately damaged)
The mass of ice explodes!
The iceblast engulfs the wight.
The wight partially resists.
The wight is severely damaged.
This wand has 10 charges left.
You hear a loud, deep croak!
The centaur wields a shortbow.
The centaur shoots an arrow.
The arrow hits you!
* * * LOW HITPOINT WARNING * * *
The wight misses you.
Unknown command.
Unknown command.
The centaur shoots an arrow.
The arrow misses you.
The centaur shoots an arrow.
The arrow closely misses you.
The centaur shoots an arrow.
The arrow barely misses you.
The centaur shoots an arrow.
The arrow hits you!
You die...

*,,,,,,,,,* #.# #.........#
*,,,,,,,,,###.# #.........#
*,,,,,,,,,#z#.# #.........#
,,,,,,,,,,+.#.# #.........#
*,,,,,,,,,#z#.# #.........#
****#######.#.# #....####.#
,,,,....)..z#.##### #....####.##
,***########..(((.####....##.....
,,,* #.z..@.#.......##..... ,,,*
#......#..........._.. ,,,*
#......#......###..... ,,,*
#......#......# #..... ,,,*
#......#......# ###.## ,***
#......#......# #.## ,*
#...c..#......#####... ,*
#......####.....##..#. ,*
*,,,,,,* #>..........


You could see a centaur and 2 wights.

Vanquished Creatures
  The ghost of ReniFell the Basher, a novice GrFi (D:5)
  Grinder (D:3)
  Eustachio (D:4)
  An orc warrior (D:4)
  An ice beast (D:3)
  2 ogres
  A centaur (D:6)
  5 big kobolds (D:3)
  A bullfrog (D:6)
  2 water moccasin zombies (Ossuary)
  A scorpion (D:5)
  2 wights (D:6)
  2 crimson imps
  A hound (D:5)
  3 jellies
  Crazy Yiuf (D:4)
  2 orc priests (D:5)
  An iguana (D:4)
  A bullfrog skeleton (D:6)
  2 centaur skeletons
  Terence (D:2)
  2 orc wizards (D:5)
  6 worker ants
  2 big kobold zombies (Ossuary)
  3 mummies
  A worker ant zombie (D:5)
  Robin (D:2)
  9 gnolls
  4 adders
  A shadow imp (D:5)
  2 oozes
  3 adder zombies (Ossuary)
  An adder skeleton (D:6)
  A worm (D:2)
  3 leopard geckos
  10 orcs
  A ball python (D:6)
  8 bats
  2 giant cockroaches (D:2)
  52 goblins
  25 hobgoblins
  2 jackals (D:4)
  3 quokkas
  8 frilled lizards
  A gnoll zombie (Ossuary)
  2 hobgoblin zombies (Ossuary)
  7 kobolds
  4 kobold zombies (Ossuary)
  10 orc zombies (Ossuary)
  10 rats
217 creatures vanquished.

Notes
Turn   | Place    | Note
-------+----------+-------------------------------------------
     0 | D:1      | HungrySpirit the Octopode Assassin began the quest for the Orb.
     0 | D:1      | Reached XP level 1. HP: 14/14 MP: 1/1
   233 | D:1      | Reached XP level 2. HP: 13/19 MP: 2/2
   842 | D:2      | Noticed Robin
   851 | D:2      | Reached XP level 3. HP: 23/24 MP: 3/3
  1094 | D:2      | Killed Robin
  1326 | D:2      | Noticed Terence
  1345 | D:2      | Reached XP level 4. HP: 16/29 MP: 4/4
  1349 | D:2      | Killed Terence
  2159 | D:3      | Noticed Grinder
  2166 | D:3      | Paralysed by Grinder for 7 turns
  2453 | D:3      | Reached XP level 5. HP: 34/34 MP: 5/5
  2593 | D:3      | Reached skill level 6 in Stealth
  3020 | D:3      | Noticed a big kobold
  3020 | D:3      | Noticed a big kobold
  3020 | D:3      | Noticed a big kobold
  3020 | D:3      | Noticed a big kobold
  3020 | D:3      | Noticed a big kobold
  3833 | D:3      | Killed a big kobold
  3833 | D:3      | Reached XP level 6. HP: 23/39 MP: 6/6
  4065 | D:3      | Killed Grinder
  4065 | D:3      | Reached skill level 5 in Short Blades
  4065 | D:3      | Reached skill level 7 in Stealth
  4065 | D:3      | Reached XP level 7. HP: 24/45 MP: 7/7
  4131 | D:3      | Reached skill level 5 in Dodging
  4397 | D:3      | Reached XP level 8. HP: 32/50 MP: 8/8
  5210 | D:4      | Reached skill level 8 in Stealth
  5531 | D:4      | Got a wavering silver amulet
  5542 | D:4      | Identified the amulet of Ompah {RegenMP +Fly rElec Dex+2} (You found it on level 4 of the Dungeon)
  5554 | D:4      | Noticed Eustachio
  5689 | D:4      | Found a runed door.
  5859 | D:4      | Killed Eustachio
  5983 | D:4      | Found a basalt altar of Yredelemnul.
  6025 | D:4      | Found a blossoming altar of Fedhas.
  6304 | D:4      | Noticed Crazy Yiuf
  6312 | D:4      | Killed Crazy Yiuf
  6503 | D:5      | Entered Level 5 of the Dungeon
  6780 | D:5      | Noticed ReniFell's ghost (novice GrFi)
  6798 | D:5      | Killed ReniFell's ghost
  6944 | D:5      | Reached XP level 9. HP: 40/54 MP: 9/9
  6949 | D:5      | Reached skill level 9 in Stealth
  7444 | D:5      | Found Iloxabol's Distillery.
  7449 | D:5      | Bought a potion of resistance for 150 gold pieces
  7449 | D:5      | Bought a potion of heal wounds for 75 gold pieces
  7449 | D:5      | Bought a potion of flight for 45 gold pieces
  7449 | D:5      | Bought 2 potions of berserk rage for 150 gold pieces
  7461 | D:5      | Found Toeteriy's Antique Weapon Emporium.
  7495 | D:5      | Found Qopiy's Magic Scroll Shop.
  7507 | D:5      | Bought a scroll of random uselessness for 11 gold pieces
  7542 | D:5      | Found a shattered altar of Ashenzari.
  7842 | D:6      | Found a staircase to the Ecumenical Temple.
  7867 | Temple   | Entered the Ecumenical Temple
  7898 | Temple   | Became a worshipper of Warmaster Okawaru
  8034 | D:6      | Found a sand-covered staircase.
  8041 | Ossuary  | Entered an ossuary
  8342 | D:6      | Found a sparkling altar of Nemelex Xobeh.
  8836 | D:6      | Reached skill level 10 in Stealth
  8840 | D:6      | Shot with an arrow by a centaur

Vault maps used:
D:1:      mrwooster_arrival_statue_2
D:2:      uniq_terence, uniq_robin
D:3:      minmay_goblin_kobold_castle, eino_tiny_chamber, uniq_grinder
D:4:      kennysheep_mini, lemuel_doored_altar, uniq_crazy_yiuf_cottage,
          uniq_eustachio
D:5:      ashenzari_altar_1, serial_shops, shop, shop, shop, first_bread
D:6:      nicolae_overflow_crystal_walls, gup_ossuary_entry_pyramid, uniq_pikel
Temple:   regret_index_temple_sphere_string
Ossuary:  ossuary_tomb_2

Skill      XL: |  1  2  3  4  5  6  7  8  9 |
---------------+----------------------------+-----
Dodging        | 2 3 4 5 7 8 |  8.2
Short Blades   | 3 4 5 7 8 |  8.2
Stealth        | 6 7 8 10 | 10.0
Fighting       | |  2.0
Throwing       | |  2.0

Action                   |  1- 3 |  4- 6 |  7- 9 || total
-------------------------+-------+-------+-------++-------
Melee: Dagger            |    88 |   146 |   389 ||   623
       Tentacles         |    12 |    31 |    86 ||   129
       Constrict         |    13 |    32 |    64 ||   109
       Unarmed           |       |       |    16 ||    16
 Fire: Blowgun           |       |       |     5 ||     5
Evoke: Wand              |       |       |     3 ||     3
  Use: Scroll            |     5 |     4 |     8 ||    17
       Potion            |       |     2 |     2 ||     4
 Stab: Sleeping          |     9 |     8 |    28 ||    45
       Distracted        |     1 |     2 |     7 ||    10
       Invisible         |       |       |     7 ||     7
       Confused          |       |       |     2 ||     2
  Eat: Chunk             |     1 |     4 |     9 ||    14
       Bread ration      |       |     1 |       ||     1
       Fruit             |       |       |     5 ||     5
       Beef jerky        |       |       |     1 ||     1
       Pizza             |       |       |     1 ||     1
Armor: Skin              |    10 |    26 |    32 ||    68
Dodge: Dodged            |    39 |    73 |   200 ||   312
